 Dungeon Crawl Stone Soup version 0.23-a0-315-ga85b81c (webtiles) character file.

7 Garbasso the Ruffian (level 2, 0/26 HPs)
             Began as a Ghoul Monk on Oct 13, 2018.
             Slain by a kobold (1 damage)
             ... on level 1 of the Dungeon.
             The game lasted 00:01:38 (105 turns).

Garbasso the Ruffian (Ghoul Monk)                    Turns: 105, Time: 00:01:38

Health: 0/26       AC:  2    Str: 14    XL:     2   Next: 4%
Magic:  1/1        EV: 12    Int:  5    God:
Gold:   13         SH:  0    Dex: 11    Spells: 1/1 levels left

rFire    . . .     SeeInvis .     - Unarmed
rCold    + . .     Gourm    .   (no shield)
rNeg     + + +     Faith    .   a - +0 robe
rPois    ∞         Spirit   .   (no helmet)
rElec    .         Reflect  .   (no cloak)
rCorr    .         Harm     .   (no gloves)
MR       .....                  (no boots)
Stlth    ++........             (no amulet)
HPRegen  0.00/turn              (no ring)
MPRegen  0.07/turn              (no ring)

@: rotting
A: rotting body, claws 1, carnivore, cold resistance 1, negative energy
resistance 3, inhibited regeneration, torment resistance, unbreathing
a: no special abilities


You were on level 1 of the Dungeon.
You were not hungry.

You visited 1 branch of the dungeon, and saw 1 of its levels.

You collected 13 gold pieces.

Inventory:

Armour
 a - a +0 robe (worn)
Jewellery
 f - an uncursed ring of flight {unknown}
Scrolls
 c - a scroll of enchant weapon {unknown}
 g - a scroll of remove curse {unknown}
Potions
 e - a potion of heal wounds {unknown}
Comestibles
 b - a ration
 d - a chunk of flesh


   Skills:
 + Level 3.5 Fighting
 - Level 2.6 Dodging
 - Level 2.1 Stealth
 * Level 3.7 Unarmed Combat


You had one spell level left.
You didn't know any spells.
Your spell library was empty.

Dungeon Overview and Level Annotations

Branches:
Dungeon (1/15)

Altars:


Innate Abilities, Weirdness & Mutations

Your body is rotting away.
You thrive on raw meat.
You are immune to poison.
You have sharp fingernails.
You are carnivorous and can eat meat at any time.
Your flesh is cold resistant. (rC+)
You are immune to negative energy. (rN+++)
You do not regenerate when monsters are visible.
You are immune to unholy pain and torment.
You can survive without breathing.


Message History

* * * LOW HITPOINT WARNING * * *
The kobold barely misses you.
You closely miss the kobold.
The kobold is moderately wounded.
The kobold hits you but does no damage. The kobold hits you.
* * * LOW HITPOINT WARNING * * *
You closely miss the kobold.
The kobold is moderately wounded.
The kobold barely misses you. The kobold hits you.
* * * LOW HITPOINT WARNING * * *
You miss the kobold.
The kobold is moderately wounded.
The kobold closely misses you.
You scratch the kobold but do no damage.
The kobold is moderately wounded.
The kobold closely misses you. The kobold barely misses you.
You closely miss the kobold.
The kobold is moderately wounded.
The kobold hits you.
You die...

#.##.? ..# #.##.. #.#
#.##... #.#
#.##...#####.## .#
#.#.....(..#..# .######
#.#?....(.(...###.......
#.#........(............
##.#######'#?...##..$....
...........#...K@#.......
...#############K#.......
...#...........#bl.b.....
...#.##.....#. ##........
.....##.######.##........
......8.....8..##........
....((#.....#..###.......
.....(#..<..# ......##..
.[)...#.....# ....+ .


You could see a bat, 2 kobolds and a frilled lizard.

Vanquished Creatures
  An ooze (D:1)
  3 kobolds (D:1)
  A rat (D:1)
5 creatures vanquished.

Notes
Turn   | Place    | Note
-------+----------+-------------------------------------------
     0 | D:1      | Garbasso the Ghoul Monk began the quest for the Orb.
     0 | D:1      | Reached XP level 1. HP: 19/19 MP: 0/0
    70 | D:1      | Reached XP level 2. HP: 21/26 MP: 1/1
   102 | D:1      | HP: 1/26 [kobold (1)]
   105 | D:1      | Slain by a kobold

Vault maps used:
D:1:      scummos_arrival_simple_crosswalls

Action                   || total
-------------------------++-------
Melee: Unarmed           ||    35
  Eat: Chunk             ||     1
Armor: Robe              ||     6
Dodge: Dodged            ||    35

Table legend:
 A = Non-vault XP
 B = Vault XP
 C = Vault XP percentage of total XP
 D = Non-vault monster count
 E = Vault monster count
 F = Vault count percentage of total count
                 A         B        C        D         E       F
            +---------+---------+-------+---------+---------+-------
      Total |      11 |       0 |   0.0 |       5 |       0 |   0.0
            +---------+---------+-------+---------+---------+-------
        D:1 |      11 |       0 |   0.0 |       5 |       0 |   0.0
            +---------+---------+-------+---------+---------+-------
